SAAA
ATHLETIC CLUB KC RESERVES @ PORT ROYAL DISASTER
09/06/2031
 
TOP OF THE 1ST
Athletic Club KC Reserves batting - Pitching for Port Royal Disaster : LHP Wilson Longoria
Pitching: LHP Wilson Longoria
Batting: LHB Wu-shun Chu 0-0: Swinging Strike
0-1: Ball
1-1: Ball
2-1: Ball
3-1: SINGLE (Groundball, 34S) (infield hit)
Batting: RHB Tasuku Goto 0-0: Foul Ball, location: 2F
0-1: Ball
1-1: Fly out, F9 (Flyball, 9S)
Batting: LHB Pablo Hernández 0-0: Ball
1-0: Swinging Strike
1-1: Ball
2-1: Ball
3-1: Fly out, F8 (Flyball, 8LS)
Batting: LHB Ramón Morterero 0-0: Ball
1-0: Called Strike
1-1: Ball
2-1: Ball
3-1: Swinging Strike
3-2: Fly out, F9 (Flyball, 9D)
Top of the 1st over - 0 runs, 1 hit, 0 errors, 1 left on base; Athletic Club KC 0 - Port Royal 0
BOTTOM OF THE 1ST
Port Royal Disaster batting - Pitching for Athletic Club KC Reserves : RHP Kamisese Alohinani
Pitching: RHP Kamisese Alohinani
Batting: RHB Loren Stallings 0-0: Ball
1-0: SINGLE (Groundball, 6MD)
Batting: LHB Mitchell Cusimano 0-0: Fielders Choice at 2nd, 6-4 (Groundball, 6)
Batting: LHB Bob Daugherty 0-0: Ball
1-0: SINGLE (Groundball, 6MD)
Mitchell Cusimano to second
Batting: LHB Ricky Payton 0-0: Called Strike
0-1: Ball
1-1: Foul Ball, location: 2F
1-2: Fielders Choice at 2nd, 4-6 (Groundball, 4)
Mitchell Cusimano to third
Batting: RHB Wes Shannon 0-0: Ball
1-0: Called Strike
1-1: Ball
2-1: Foul Ball, location: 2F
2-2: Ball
3-2: SINGLE (Flyball, 8RS)
Mitchell Cusimano scores
Ricky Payton to second
Ricky Payton to third
Batting: SHB Arsenio Sameiro 0-0: Foul Ball, location: 2F
0-1: Called Strike
0-2: Ball
1-2: Ball
2-2: DOUBLE (Line Drive, 78D)
Ricky Payton scores
Wes Shannon to third
Runner from 3rd tries for Home, SAFE, no throw
Batting: RHB Jesús Ruano 0-0: Foul Ball, location: 2F
0-1: Swinging Strike
0-2: Ball
1-2: Strikes out swinging
Bottom of the 1st over - 3 runs, 4 hits, 0 errors, 1 left on base; Athletic Club KC 0 - Port Royal 3
TOP OF THE 2ND
Athletic Club KC Reserves batting - Pitching for Port Royal Disaster : LHP Wilson Longoria
Batting: RHB Roger Caffyn 0-0: Ball
1-0: Fly out, F7 (Flyball, 7LMF)
Batting: LHB Tony García 0-0: Foul Ball, location: 2F
0-1: Foul Ball, location: 2F
0-2: Strikes out swinging
Batting: RHB Tony Osorio 0-0: Ball
1-0: Foul Ball, location: 2F
1-1: Ball
2-1: Ball
3-1: Swinging Strike
3-2: SINGLE (Line Drive, 34D)
Batting: LHB Michael Woodard 0-0: Called Strike
0-1: Swinging Strike
0-2: Ball
1-2: Foul Ball, location: 2F
1-2: Ball
2-2: Foul Ball, location: 2F
2-2: Foul Ball, location: 2F
2-2: Strikes out looking
Top of the 2nd over - 0 runs, 1 hit, 0 errors, 1 left on base; Athletic Club KC 0 - Port Royal 3
BOTTOM OF THE 2ND
Port Royal Disaster batting - Pitching for Athletic Club KC Reserves : RHP Kamisese Alohinani
Batting: RHB Sancho Tornero 0-0: Fly out, F8 (Flyball, 8LD)
Batting: LHB José Vázquez 0-0: Ground out 1-3 (Groundball, P)
Batting: RHB Loren Stallings 0-0: Called Strike
0-1: Ball
1-1: Ground out 6-3 (Groundball, 6M)
Bottom of the 2nd over - 0 runs, 0 hits, 0 errors, 0 left on base; Athletic Club KC 0 - Port Royal 3
TOP OF THE 3RD
Athletic Club KC Reserves batting - Pitching for Port Royal Disaster : LHP Wilson Longoria
Batting: LHB Enrique Sánchez 0-0: Called Strike
0-1: SINGLE (Line Drive, 8RS)
Batting: LHB Wu-shun Chu 0-0: Called Strike
0-1: Ball
1-1: Swinging Strike
1-2: Ball
2-2: SINGLE (Line Drive, 7S)
Enrique Sánchez to second
Batting: RHB Tasuku Goto 0-0: Grounds into double play, 6-4-3 (Groundball, 6)
Enrique Sánchez to third
Batting: LHB Pablo Hernández 0-0: Ball
1-0: Called Strike
1-1: Ball
2-1: Foul Ball, location: 2F
2-2: Foul Ball, location: 2F
2-2: Strikes out looking
Top of the 3rd over - 0 runs, 2 hits, 0 errors, 1 left on base; Athletic Club KC 0 - Port Royal 3
BOTTOM OF THE 3RD
Port Royal Disaster batting - Pitching for Athletic Club KC Reserves : RHP Kamisese Alohinani
Batting: LHB Mitchell Cusimano 0-0: Fly out, F5 (Popup, 5SF)
Batting: LHB Bob Daugherty 0-0: Called Strike
0-1: SINGLE (Groundball, 5D)
Batting: LHB Ricky Payton 0-0: Ball
1-0: Called Strike
1-1: Grounds into double play, 5-4-3 (Groundball, 5)
Bottom of the 3rd over - 0 runs, 1 hit, 0 errors, 0 left on base; Athletic Club KC 0 - Port Royal 3
TOP OF THE 4TH
Athletic Club KC Reserves batting - Pitching for Port Royal Disaster : LHP Wilson Longoria
Batting: LHB Ramón Morterero 0-0: Foul Ball, location: 2F
0-1: Foul Ball, location: 2F
0-2: Ball
1-2: Ball
2-2: Strikes out swinging
Batting: RHB Roger Caffyn 0-0: Called Strike
0-1: Ball
1-1: Ball
2-1: Swinging Strike
2-2: Foul Ball, location: 2F
2-2: Ball
3-2: Strikes out swinging
Batting: LHB Tony García 0-0: Ball
1-0: Ball
2-0: Ball
3-0: Base on Balls
Batting: RHB Tony Osorio 0-0: Called Strike
0-1: Ball
1-1: Ball
2-1: Ground out 5-3 (Groundball, 56)
Top of the 4th over - 0 runs, 0 hits, 0 errors, 1 left on base; Athletic Club KC 0 - Port Royal 3
BOTTOM OF THE 4TH
Port Royal Disaster batting - Pitching for Athletic Club KC Reserves : RHP Kamisese Alohinani
Batting: RHB Wes Shannon 0-0: Ball
1-0: Ball
2-0: Ball
3-0: Called Strike
3-1: Called Strike
3-2: Base on Balls
Batting: SHB Arsenio Sameiro 0-0: Ball
1-0: Fly out, F7 (Flyball, 7LD)
Pitching: RHP Rubén Rivera
Batting: RHB Jesús Ruano 0-0: Called Strike
Wes Shannon steals 2nd base
0-1: Called Strike
0-2: Ball
1-2: Ground out 6-3 (Groundball, 6)
Batting: RHB Sancho Tornero 0-0: Ground out 6-3 (Groundball, 6)
Bottom of the 4th over - 0 runs, 0 hits, 0 errors, 1 left on base; Athletic Club KC 0 - Port Royal 3
TOP OF THE 5TH
Athletic Club KC Reserves batting - Pitching for Port Royal Disaster : LHP Wilson Longoria
Pitching: RHP Esteban García
Batting: LHB Michael Woodard 0-0: Ball
1-0: Foul Ball, location: 2F
1-1: Called Strike
1-2: SINGLE (Groundball, 6MD)
Batting: LHB Enrique Sánchez 0-0: Swinging Strike
0-1: SINGLE (Groundball, 3) (infield hit)
Michael Woodard to second
Batting: LHB Wu-shun Chu 0-0: Called Strike
0-1: Ball
1-1: Called Strike
1-2: Foul Ball, location: 2F
1-2: Ball
2-2: Ground out 5-3 (Groundball, 2L)
Michael Woodard to third
Enrique Sánchez to second
Batting: RHB Tasuku Goto 0-0: Ball
1-0: Ground out 6-3 (Groundball, 6M)
Michael Woodard scores
Enrique Sánchez to third
Batting: LHB Pablo Hernández 0-0: Ball
1-0: Called Strike
1-1: DOUBLE (Line Drive, 7LD)
Enrique Sánchez scores
Batting: LHB Ramón Morterero 0-0: Called Strike
0-1: Ball
1-1: Foul Ball, location: 2F
1-2: Ball
2-2: Ball
3-2: Foul Ball, location: 2F
3-2: Foul Ball, location: 2F
3-2: Ground out U3 (Groundball, 3)
Top of the 5th over - 2 runs, 3 hits, 0 errors, 1 left on base; Athletic Club KC 2 - Port Royal 3
BOTTOM OF THE 5TH
Port Royal Disaster batting - Pitching for Athletic Club KC Reserves : RHP Rubén Rivera
Batting: LHB José Vázquez 0-0: Called Strike
0-1: Fly out, F8 (Flyball, 8LS)
Batting: RHB Loren Stallings 0-0: Ball
1-0: Called Strike
1-1: Swinging Strike
1-2: SINGLE (Line Drive, 9S)
Batting: LHB Mitchell Cusimano 0-0: Ball
1-0: Ball
2-0: Ground out 5-3 (Groundball, 56S)
Loren Stallings to second
Batting: LHB Bob Daugherty 0-0: Called Strike
0-1: Ball
1-1: Ball
2-1: Fly out, F7 (Flyball, 78M)
Bottom of the 5th over - 0 runs, 1 hit, 0 errors, 1 left on base; Athletic Club KC 2 - Port Royal 3
TOP OF THE 6TH
Athletic Club KC Reserves batting - Pitching for Port Royal Disaster : RHP Esteban García
Batting: RHB Roger Caffyn 0-0: Fly out, F7 (Line Drive, 7S)
Batting: LHB Tony García 0-0: Called Strike
0-1: Ground out 4-3 (Groundball, 4M)
Batting: RHB Tony Osorio 0-0: Called Strike
0-1: Single, Error in OF, E8, batter to second base
Batting: LHB Michael Woodard 0-0: Foul Ball, location: 2F
0-1: Foul Ball, location: 2F
0-2: Strikes out looking
Top of the 6th over - 0 runs, 1 hit, 1 error, 1 left on base; Athletic Club KC 2 - Port Royal 3
BOTTOM OF THE 6TH
Port Royal Disaster batting - Pitching for Athletic Club KC Reserves : RHP Rubén Rivera
Batting: LHB Ricky Payton 0-0: Ball
1-0: Ball
2-0: Ball
3-0: Base on Balls
Batting: RHB Wes Shannon 0-0: Ball
1-0: Called Strike
1-1: Ball
2-1: Foul Ball, location: 2F
2-2: Fly out, F9 (Flyball, 9)
Batting: SHB Arsenio Sameiro 0-0: Called Strike
0-1: Ball
1-1: Ball
2-1: Ball
3-1: Called Strike
3-2: Foul Ball, location: 2F
3-2: Grounds into double play, 5-4-3 (Groundball, 5)
Bottom of the 6th over - 0 runs, 0 hits, 0 errors, 0 left on base; Athletic Club KC 2 - Port Royal 3
TOP OF THE 7TH
Athletic Club KC Reserves batting - Pitching for Port Royal Disaster : RHP Esteban García
Batting: LHB Enrique Sánchez 0-0: Ball
1-0: Called Strike
1-1: Ball
2-1: Foul Ball, location: 2F
2-2: Ground out 6-3 (Groundball, 6)
Batting: LHB Wu-shun Chu 0-0: Ball
1-0: Called Strike
1-1: Foul Ball, location: 2F
1-2: Strikes out looking
Batting: RHB Tasuku Goto 0-0: Ball
1-0: SINGLE (Line Drive, 56D)
Batting: LHB Pablo Hernández 0-0: Ball
Tasuku Goto is caught stealing 2nd base
Top of the 7th over - 0 runs, 1 hit, 0 errors, 0 left on base; Athletic Club KC 2 - Port Royal 3
BOTTOM OF THE 7TH
Port Royal Disaster batting - Pitching for Athletic Club KC Reserves : RHP Rubén Rivera
Batting: RHB Jesús Ruano 0-0: Ball
1-0: Ball
2-0: Ball
3-0: Called Strike
3-1: Swinging Strike
3-2: SINGLE (Flyball, 9LS)
Batting: RHB Sancho Tornero 0-0: Called Strike
0-1: Ball
Jesús Ruano steals 2nd base
1-1: Fly out, F5 (Popup, 5SF)
Batting: LHB José Vázquez 0-0: Called Strike
0-1: Ball
1-1: Ball
2-1: Swinging Strike
2-2: Foul Ball, location: 2F
2-2: Ball
3-2: Base on Balls
Batting: RHB Loren Stallings 0-0: Ball
1-0: Foul Ball, location: 2F
1-1: Foul Ball, location: 2F
1-2: Foul Ball, location: 2F
1-2: Strikes out swinging
Batting: LHB Mitchell Cusimano 0-0: Foul Ball, location: 2F
0-1: Fly out, F8 (Flyball, 8LD)
Bottom of the 7th over - 0 runs, 1 hit, 0 errors, 2 left on base; Athletic Club KC 2 - Port Royal 3
TOP OF THE 8TH
Athletic Club KC Reserves batting - Pitching for Port Royal Disaster : RHP Esteban García
Batting: LHB Pablo Hernández 0-0: Ball
1-0: Ball
2-0: Ball
3-0: Called Strike
3-1: Base on Balls
Pitching: RHP Miguel Hernández
Batting: LHB Ramón Morterero 0-0: Ball
1-0: Ball
2-0: Ball
3-0: Called Strike
3-1: Fly out, F7 (Flyball, 7LSF)
Batting: RHB Roger Caffyn 0-0: Ball
1-0: SINGLE (Line Drive, 3D)
Pablo Hernández to second
Batting: LHB Tony García 0-0: Fly out, F8 (Flyball, 8LM)
Batting: RHB Tony Osorio 0-0: Ball
1-0: Foul Ball, location: 2F
1-1: Ball
2-1: Swinging Strike
2-2: Foul Ball, location: 2F
2-2: Foul Ball, location: 2F
2-2: Strikes out swinging
Top of the 8th over - 0 runs, 1 hit, 0 errors, 2 left on base; Athletic Club KC 2 - Port Royal 3
BOTTOM OF THE 8TH
Port Royal Disaster batting - Pitching for Athletic Club KC Reserves : RHP Rubén Rivera
Batting: LHB Bob Daugherty 0-0: Swinging Strike
0-1: Ball
1-1: Foul Ball, location: 2F
1-2: Ball
2-2: Foul Ball, location: 2F
2-2: Ball
3-2: Strikes out swinging
Batting: LHB Ricky Payton 0-0: Ball
1-0: SOLO HOME RUN (Flyball, 8RXD), Distance : 442 ft
Batting: RHB Wes Shannon 0-0: Swinging Strike
0-1: Ball
1-1: Ball
2-1: SINGLE (Flyball, 9LS)
Pitching: RHP Alfonso Álvarez
Batting: SHB Arsenio Sameiro 0-0: Ball
1-0: Called Strike
1-1: Called Strike
1-2: Ball
2-2: Ball
3-2: SINGLE (Groundball, 56D)
Wes Shannon to second
Wes Shannon to third
Batting: RHB Jesús Ruano 0-0: Ball
1-0: Called Strike
1-1: Ball
2-1: Fly out, F4 (Flyball, 34D)
Batting: RHB Sancho Tornero 0-0: Ball
1-0: Ball
2-0: Swinging Strike
2-1: Ball
3-1: Foul Ball, location: 2F
3-2: Strikes out swinging
Bottom of the 8th over - 1 run, 3 hits, 0 errors, 2 left on base; Athletic Club KC 2 - Port Royal 4
TOP OF THE 9TH
Athletic Club KC Reserves batting - Pitching for Port Royal Disaster : RHP Miguel Hernández
Pitching: RHP Jon King
Batting: LHB Michael Woodard 0-0: Called Strike
0-1: Called Strike
0-2: Ball
1-2: Ball
2-2: Ball
3-2: Foul Ball, location: 2F
3-2: Strikes out swinging
Batting: LHB Enrique Sánchez 0-0: Called Strike
0-1: Ball
1-1: SINGLE (Line Drive, 34D)
Batting: LHB Wu-shun Chu 0-0: Called Strike
0-1: Ball
1-1: Ground out 3-1 (Groundball, 34)
Enrique Sánchez to second
Batting: RHB Tasuku Goto 0-0: Ball
1-0: Foul Ball, location: 2F
1-1: Ground out 5-3 (Groundball, 56S)
Top of the 9th over - 0 runs, 1 hit, 0 errors, 1 left on base; Athletic Club KC 2 - Port Royal 4
Tuesday, June 12th, 2018 - OOTP Baseball 18.8 Build 76